Map: Cyber Forest LE

Players

ShaDoWn - Winner!

  • Race: Protoss Protoss
  • Spawn Location: 11:00

HeroMarine

  • Race: Terran Terran
  • Spawn Location: 5:00

Event: 2019 WCS Winter Europe

VOD

Have the link to the VOD?

Description

Time

  • Played on: Feb. 1, 2019, 10:48 a.m.
  • Length: 10:35

All games in this series

Show
View Real Time Build Order
Export as new Build Order

ShaDoWn Protoss - Winner!

Build Orders: 1 Gate Expand, Blink Stalkers 

Get SALT Encoding   

  12  0:00  Probe  
  13  0:12  Probe  
  14  0:19  Pylon  
  14  0:24  Probe  
  15  0:33  Probe  
  15  0:38  Gateway  
  15  0:41  Probe  
  16  0:47  Assimilator  
  17  0:51  Probe  
  18  1:04  Probe  
  19  1:16  Probe  
  20  1:25  Nexus  
  20  1:35  Cybernetics Core  
  20  1:37  Probe  
  21  1:45  Assimilator  
  21  1:49  Probe  
  21  1:52  Pylon  
  22  2:01  Probe, Adept  
  23  2:12  Warp Gate  
  23  2:13  Probe  
  26  2:25  Twilight Council, Probe  
  27  2:33  Stalker  
  27  2:36  Probe  
  28  2:37  Probe  
  28  2:44  Probe  
  30  2:45  Probe  
  32  2:52  Probe  
  32  2:54  Probe  
  34  2:58  Blink  
  34  3:03  Probe  
  34  3:04  Probe  
  35  3:07  Stalker  
  35  3:11  Probe  
  38  3:16  Probe  
  40  3:20  Probe  
  40  3:26  Robotics Facility  
  41  3:28  Probe  
  41  3:32  Probe  
  43  3:39  Pylon  
  43  3:40  Probe  
  44  3:44  Probe  
  44  3:47  Gateway  
  44  3:48  Gateway  
  45  3:52  Probe  
  45  3:53  Assimilator  
  46  3:57  Probe  
  47  4:03  Gateway  
  47  4:04  Probe  
  47  4:05  Gateway  
  47  4:06  Observer  
  47  4:09  Probe  
  49  4:14  Sentry  
  49  4:16  Probe  
  53  4:20  Pylon, Gateway  
  53  4:24  Observer  
  54  4:31  Nexus  
  54  4:37  Pylon  
  54  4:44  Pylon  
  54  4:46  Observer  
  54  4:49  Stalker x2  
  59  4:56  Stalker  
  60  5:00  Stalker x2  
  60  5:03  Pylon  
  61  5:16  Stalker x3  
  67  5:21  Stalker  
  67  5:24  Adept x2  
  73  5:34  Probe x2  
  73  5:40  Forge x2  
  73  5:42  Probe x2  
  73  5:44  Probe  
  76  5:50  Probe x2  
  76  5:53  Observer, Probe  
  80  6:01  Probe  
  79  6:05  Probe  
  79  6:10  Probe  
  75  6:11  Protoss Ground Weapons Level 1, Protoss Ground Armor Level 1  
  75  6:13  Probe  
  75  6:17  Probe  
  77  6:19  Assimilator  
  77  6:20  Assimilator  
  77  6:22  Probe  
  77  6:25  Immortal, Robotics Bay  
  82  6:26  Probe  
  82  6:29  Probe  
  82  6:32  Pylon  
  84  6:34  Probe  
  84  6:38  Probe  
  86  6:41  Probe  
  86  6:46  Probe  
  88  6:50  Probe  
  88  6:53  Probe, Gateway  
  90  6:55  Gateway  
  90  6:56  Pylon  
  90  7:00  Colossus  
  90  7:05  Assimilator  
  88  7:14  Extended Thermal Lance  
  94  7:18  Stalker x2, Zealot x4  
  106  7:23  Probe x2  
  108  7:33  Charge  
  108  7:38  Colossus  
  108  7:44  Nexus  
  108  7:50  Protoss Ground Weapons Level 2  
  108  7:52  Pylon  
  108  7:54  Pylon  
  114  7:59  Protoss Ground Armor Level 2  
  114  8:02  Pylon  
  114  8:07  Stalker  
  114  8:09  Pylon  
  114  8:12  Stalker x3, Zealot x2  
  122  8:13  Zealot x2  
  122  8:18  Pylon  
  130  8:25  Pylon  
  130  8:31  Colossus, Pylon  
  136  8:40  Probe x2  
  136  8:41  Probe  
  139  8:47  Templar Archives  
  139  8:50  Zealot x8  
  155  8:59  Gateway  
  155  9:15  Zealot x3, Warp Prism  
  155  9:16  Stalker x2  
  165  9:17  Zealot x3  
  171  9:30  Pylon  
  172  9:34  Pylon  
  172  9:38  High Templar x6  
  182  9:43  Archon x3  
  182  9:44  Zealot x2  
  188  9:47  Pylon  
  188  9:49  Pylon  
  188  10:00  Assimilator  
  188  10:01  Assimilator  
  188  10:16  Zealot x4  
  188  10:17  Zealot x2  
Show
View Real Time Build Order
Export as new Build Order

HeroMarine Terran 

Build Orders: Cyclone Opening, Gas First Reaper Expand 

Get SALT Encoding   

  12  0:00  SCV  
  13  0:13  SCV  
  14  0:17  Supply Depot  
  14  0:25  SCV  
  14  0:27  Refinery  
  15  0:38  SCV  
  16  0:44  Barracks  
  16  0:50  SCV  
  17  1:02  SCV  
  18  1:14  SCV  
  19  1:31  Reaper, Orbital Command  
  20  1:43  Command Center  
  20  1:53  Factory  
  20  1:56  SCV  
  21  2:02  Marine  
  21  2:06  Supply Depot  
  22  2:10  SCV  
  22  2:13  Refinery  
  23  2:21  Barracks Tech Lab  
  23  2:27  SCV  
  24  2:36  Barracks  
  24  2:40  SCV  
  25  2:46  Barracks Reactor  
  25  2:47  Cyclone  
  28  2:52  SCV  
  29  3:00  Orbital Command  
  29  3:04  SCV  
  30  3:16  SCV  
  30  3:19  Cyclone  
  34  3:22  Marine x2  
  34  3:26  Starport  
  36  3:29  SCV, Marine  
  36  3:39  SCV  
  38  3:44  Marine x2  
  38  3:47  Marine  
  41  3:50  Supply Depot  
  41  3:54  SCV, Siege Tank  
  44  3:56  SCV  
  46  4:10  Marine  
  46  4:11  Medivac, Marine x2  
  46  4:12  SCV  
  46  4:13  Supply Depot  
  46  4:14  SCV  
  52  4:24  SCV  
  52  4:26  SCV  
  54  4:31  Supply Depot  
  54  4:34  Siege Tank, Marine x3  
  54  4:36  SCV  
  61  4:38  SCV  
  61  4:44  Engineering Bay  
  62  4:53  SCV x2, Marine  
  62  4:56  Supply Depot, Marine, Barracks Tech Lab  
  66  5:02  Barracks  
  66  5:05  SCV x2  
  68  5:11  Marine  
  69  5:14  Marine  
  69  5:17  SCV x2  
  70  5:21  Bunker  
  70  5:22  Marine  
  70  5:28  Marine  
  70  5:29  SCV x2  
  70  5:32  Marine  
  62  5:39  Starport Reactor  
  62  5:41  Terran Infantry Weapons Level 1  
  63  5:46  Marine  
  63  5:47  Refinery  
  63  5:49  Marauder, Refinery, Factory Reactor, SCV x2  
  65  5:50  Marine  
  66  6:02  SCV x2  
  62  6:06  Marauder, Marine  
  62  6:08  Marine  
  62  6:10  Marauder  
  62  6:14  SCV x2  
  60  6:24  Marine  
  61  6:25  Marine  
  61  6:26  SCV  
  61  6:27  SCV, Marauder  
  61  6:30  Supply Depot  
  61  6:31  Supply Depot  
  69  6:40  Stimpack  
  69  6:42  Widow Mine x2  
  69  6:44  Medivac  
  69  6:45  Medivac  
  69  6:46  Marine x2  
  77  6:49  Barracks Tech Lab  
  77  6:51  Marauder  
  77  6:57  Command Center  
  76  7:08  Marine x2  
  78  7:09  Marauder  
  78  7:10  Widow Mine x2  
  78  7:12  Marauder  
  85  7:17  Command Center  
  88  7:25  Medivac x2  
  88  7:28  Supply Depot  
  89  7:30  Supply Depot  
  89  7:31  Combat Shield  
  89  7:34  Marauder  
  89  7:35  SCV  
  92  7:41  Marauder  
  92  7:44  SCV  
  92  7:47  SCV  
  92  7:48  Marine  
  92  7:50  Marine  
  95  7:54  Terran Infantry Armor Level 1  
  95  7:55  Marauder  
  98  8:03  SCV x2  
  98  8:04  Liberator x2  
  99  8:05  Barracks  
  99  8:09  Barracks  
  99  8:15  SCV x2  
  107  8:28  Marauder  
  107  8:29  Marauder  
  107  8:31  Orbital Command  
  111  8:36  Marine x2  
  113  8:42  Fusion Core  
  113  8:43  Starport  
  113  8:46  SCV  
  113  8:47  SCV  
  114  8:50  Marine x2  
  114  8:51  Liberator x2  
  114  8:54  Marine  
  117  8:57  Orbital Command  
  117  8:59  SCV, Barracks Reactor  
  117  9:01  Barracks Tech Lab  
  118  9:04  SCV  
  125  9:10  Missile Turret  
  125  9:17  Missile Turret  
  125  9:20  Supply Depot  
  125  9:21  Missile Turret  
  125  9:26  Supply Depot  
  125  9:29  SCV  
  128  9:33  Marauder, Starport Tech Lab  
  128  9:34  Marauder x2  
  128  9:46  Marine x3  
  128  9:47  Marine  
  128  9:52  Supply Depot  
  134  9:55  Marauder x2  
  134  9:56  Marauder  
  143  10:01  Refinery  
  143  10:02  SCV, Refinery  
  143  10:03  SCV  
  145  10:14  SCV  
  145  10:15  SCV, Marine x4  
  145  10:19  Bunker  
Tags
 
Add a new tag
Caveats
  • Supply blocks, unpowered buildings, or Contaminate may cause inaccurate times.
  • Supply counts are checked every 10 seconds.